 Dungeon Crawl Stone Soup version 0.28.0-53-g5a82cb258f (webtiles) character file.

Game seed: 8228437929841610094

255 Descartes the Ducker (level 5, 0/22 HPs)
             Began as a Felid Transmuter on June 24, 2022.
             Was an Initiate of Gozag.
             Succumbed to a scorpion's poison
             ... on level 3 of the Dungeon.
             The game lasted 00:06:14 (4335 turns).

Descartes the Ducker (Felid Transmuter)             Turns: 4335, Time: 00:06:14

Health: 0/22       AC:  1    Str:  8    XL:     5   Next: 91%
Magic:  9/10       EV: 19    Int: 14    God:    Gozag
Gold:   147        SH:  0    Dex: 17    Spells: 8/9 levels left
                                        Lives:  0   Deaths: 1

rFire   . . .      SeeInvis +     - Unarmed
rCold   . . .      Faith    .   (shield unavailable)
rNeg    . . .      Spirit   .   (armour unavailable)
rPois   .          Reflect  .   (helmet unavailable)
rElec   .          Harm     .   (cloak unavailable)
rCorr   .          Rampage  .   (gloves unavailable)
Will    .....                   (boots unavailable)
Stlth   +++.......              (no amulet)
HPRegen 0.07/turn               (no ring)
MPRegen 0.12/turn               (no ring)

@: lethally poisoned (0 -> -8), appendages, quick
A: horns 2, very small, claws 1, fangs 3, see invisible, speed 1, shaggy fur 1,
stealthy paws, no weapons or thrown items, no armour, multi-lived
a: End Transformation, Renounce Religion, Potion Petition, Call Merchant, Bribe
Branch


You were on level 3 of the Dungeon.
You worshipped Gozag.
Gozag was aware of your devotion.
You had temporarily grown beastly horns.
You visited 1 branch of the dungeon, and saw 4 of its levels.

You collected 184 gold pieces.
You paid 37 gold pieces to Gozag.

Inventory:

Missiles
 a - 140 stones
Scrolls
 c - a scroll of noise {unknown}
 f - a scroll of fog {unknown}
 g - a scroll of magic mapping {unknown}
 k - a scroll of blinking {unknown}
Potions
 b - a potion of ambrosia {unknown}
 d - a potion of curing {unknown}
 e - a potion of heal wounds {unknown}
 h - a potion of berserk rage {unknown}
 i - a potion of attraction {unknown}
 j - a potion of lignification {unknown}


   Skills:
 + Level 2.2 Fighting
 * Level 4.9 Dodging
 * Level 4.1 Stealth
 * Level 4.2 Unarmed Combat
 + Level 2.8 Spellcasting
 + Level 3.2 Transmutations


You had 8 spell levels left.
You knew the following spells:

 Your Spells              Type           Power      Damage    Failure   Level
a - Beastly Appendage     Tmut           22%        N/A       6%          1

Your spell library contained the following spells:

 Spells                   Type           Power      Damage    Failure   Level
 Wereblood                Tmut           11%        N/A       9%          2
 Corpse Rot               Necr/Air       2%         N/A       32%         2
 Poisonous Vapours        Pois/Air       2%         N/A       32%         2
 Spider Form              Tmut/Pois      6%         N/A       34%         3
 Ice Form                 Ice/Tmut       6%         N/A       75%         4


Dungeon Overview and Level Annotations

Branches:
Dungeon (4/15)
 Temple: D:4-7

Altars:
Gozag


Innate Abilities, Weirdness & Mutations

You have temporarily grown beastly horns.
You have sharp claws.
You have razor-sharp teeth.
You have supernaturally acute eyesight. (SInv)
You cover ground quickly. (Speed+)
You are covered in fur. (AC +1)
Your paws help you pounce on unaware monsters.
You are incapable of wielding weapons or throwing items.
You cannot wear armour.
You gain extra lives every three experience levels.


Message History

The howler monkey is almost dead.
The howler monkey hoots and howls with incredible vigour!
You scratch the howler monkey.
You kill the howler monkey!
No target in view!
Your transformation is almost over.
Magic restored.
You now have 147 gold pieces (gained 5).
Done exploring.
There is a stone staircase leading down here.
Casting: Beastly Appendage (safe; 6% risk of failure)
Confirm with . or Enter, or press ? or * to list all spells.
You extend your transformation's duration.
There is a stone staircase leading down here.
You climb downwards.
There is a stone staircase leading up here.
An endoplasm comes into view.
You barely miss the scorpion.
The endoplasm quivers.
Your headbutt misses the scorpion. The scorpion stings you.
You barely miss the scorpion.
Your horns disappear.
The scorpion closely misses you. The orc closely misses you.
There is a stone staircase leading up here.
The scorpion stings you.
You are lethally poisoned!
The scorpion poisons you!
You climb upwards.
You feel very sick.
There is a stone staircase leading down here.
Casting: Beastly Appendage (safe; 6% risk of failure)
Confirm with . or Enter, or press ? or * to list all spells.
You grow a pair of large bovine horns.
* * * LOW HITPOINT WARNING * * *
You feel sick. The scorpion stings you.
* * * LOW HITPOINT WARNING * * *
You claw the scorpion!
The scorpion is heavily wounded.
You die...
Your body crumbles into a pile of gold.

##...## #..# #..#.......#
#.....## #####.# #..#.#.##..#
.......## ##.###.# #......##..#
........####...##.#####.#....#..#
........'.......................'
........####...##.#####.#....#..#
.......##.........# #.........#
#.....###......>..# #####.#####
##...####......s@.# #.#
..>......###...#### #.#
.##.####.# #...# #.# .##.## #.#
#...# #.# .....# #.# ##.## #.#
.#...###.# #.# #.#####
......##.####.# #.....#
..........(...# ##.#).#
###.########### #.#..#


You could see a scorpion.

Vanquished Creatures
  Sigmund (D:2)
  A howler monkey (D:3)
  A hound (D:3)
  A jelly (D:2)
  An orc priest (D:2)
  4 adders (D:2)
  3 worms (D:2)
  3 dart slugs
  2 orcs (D:2)
  A ball python (D:1)
  3 endoplasms
  A giant cockroach (D:3)
  7 goblins
  2 hobgoblins (D:2)
  2 jackals (D:1)
  10 kobolds
  A quokka (D:1)
  4 bats
  2 frilled lizards
  6 rats
56 creatures vanquished.

Notes
Turn   | Place    | Note
-------+----------+-------------------------------------------
     0 | D:1      | Descartes the Felid Transmuter began the quest for the Orb.
     0 | D:1      | Reached XP level 1. HP: 9/9 MP: 4/4
   227 | D:1      | Reached skill level 1 in Stealth
   227 | D:1      | Reached XP level 2. HP: 10/12 MP: 4/6
   975 | D:2      | Reached XP level 3. HP: 11/15 MP: 7/7
  1123 | D:2      | Found a faded altar of an unknown god.
  1787 | D:2      | Noticed Sigmund
  1796 | D:2      | Killed Sigmund
  1797 | D:2      | Reached XP level 4. HP: 19/19 MP: 6/8
  1797 | D:2      | Reached XP level 5. HP: 22/22 MP: 6/9
  2624 | D:2      | Slain by an orc priest
  2625 | D:2      | Reached XP level 4. HP: -5/19 MP: 9/9
  2642 | D:2      | Reached XP level 5. HP: 6/22 MP: 10/10
  3294 | D:3      | Found an opulent altar of Gozag.
  3457 | D:3      | Became a worshipper of Gozag Ym Sagoz the Greedy
  4334 | D:3      | HP: 1/22 [scorpion (5)]
  4335 | D:3      | Succumbed to a scorpion's poison

Illustrated notes

Levels and vault maps discovered:
D:1:      mrwooster_arrival_statue_3, layout_rooms
D:2:      layout_loops_cross, hellmonk_ecumenical_altar_prayer_group,
          chequers_serial_rivers_small_a, minmay_misc_feat_columns,
          kennysheep_crisscross, uniq_sigmund
D:3:      layout_loops_corners, nicolae_gozag_seed_capital
D:4:      layout_rooms, minmay_temple_entry_sparse_star,
          kennysheep_small_spiral, minmay_misc_feat_x, minmay_statues_item,
          st_stairs_1, grunt_ministairs_6, dk_rats_in_the_wall

Skill      XL: |  1  2  3  4  5 |
---------------+----------------+-----
Stealth        | 1 3 4 |  4.1
Dodging        | 3 4 |  4.9
Fighting       | 2 |  2.2
Transmutations | 3 |  3.2
Unarmed Combat | 4 |  4.2
Spellcasting   | |  2.8

Action                   |  1- 3 |  4- 6 || total
-------------------------+-------+-------++-------
Melee: Unarmed           |    81 |    83 ||   164
       Headbutt          |    10 |    10 ||    20
       Bite              |     5 |    12 ||    17
       Punch             |     1 |     3 ||     4
 Cast: Beastly Appendage |    25 |    29 ||    54
 Stab: Sleeping          |     2 |     3 ||     5
Armor: Skin              |     7 |     3 ||    10
Dodge: Dodged            |    65 |    50 ||   115
